Workbook

Sheet ORÇAMENTO
D3: UNIVERSIDADE ESTADUAL DO NORTE DO PARANÁ
D4: CNPJ: 08.885.100/0001-54 | L4: BDI | M4: =BDI!F28 -> 0.27874253
D5: SERVIÇO: INSTALAÇÃO DE TRANSFORMADOR NO BLOCO I - CCP
D6: Local: Campus Cornelio Procopio - CCP | L6: Total S/BDI | M6: =M7/(1+M4) -> 90883.854
D7: Data do orçamento: 24/06/2024 | L7: Total c/BDI | M7: =SUM(N12:N63) -> 116217.05 | N7: =SUM(N11:N146) -> 116217.05 | O7: =SUM(O14:O77) -> 0 | P7: =N7-70000 -> 46217.05
D8: SINAPI_Custo_Ref_Composicoes_Analitico_PR_202405_Desonerado
D9: RESP. TÉCNICO ORÇAMENTO: FELIPE SCALA FRANCICA ENG. CIVIL CREA SP 5069900657
A11: ITEM | B11: RESUMO | C11: CÓDIGO | D11: DESCRIÇÃO DOS SERVIÇOS | E11: UN | F11: QTD | G11: UNITÁRIO (SEM BDI) | J11: TOTAL (Valores sem BDI) | M11: VALOR TOTAL C/ BDI
G12: MATERIAL + EQ | H12: MÃO DE OBRA | I12: TOTAL | J12: MATERIAL | K12: MÃO DE OBRA | L12: TOTAL
A13: 1 | B13: REDE DE DISTRIBUIÇÃO AÉREA | J13: =SUM(J15:J30) -> 39215.596 | K13: =SUM(K15:K30) -> 1015.892 | L13: =SUM(L15:L30) -> 40231.488 | M13: =SUM(M15:M30) -> 51445.73 | N13: =M13 -> 51445.73
B14: REDE DE DISTRIBUIÇÃO - POSTE N3A-TT-PR | N14: =M14 | O14: =M14
A15: 1.1 | B15: POSTE DT 12/300 | C15: 00013339-I | D15: POSTE DE CONCRETO ARMADO DE SECAO DUPLO T, EXTENSAO DE 12,00 M, RESISTENCIA DE 300 A 400 DAN, TIPO B OU D | E15: UN | F15: 1 | G15: 1314.95 | H15: 0 | I15: =G15+H15 -> 1314.95 | J15: =G15*F15 -> 1314.95 | K15: =H15*F15 -> 0 | L15: =J15+K15 -> 1314.95 | M15: =ROUND(L15*(1+$M$4),2) -> 1681.48
A16: 1.2 | B16: ASSENTAMENTO DE POSTE | C16: 100585 | D16: ASSENTAMENTO DE POSTE DE CONCRETO COM COMPRIMENTO NOMINAL DE 12 M, CARGA NOMINAL MENOR OU IGUAL A 1000 DAN, ENGASTAMENTO SIMPLES COM 1,8 M DE SOLO (NÃO INCLUI FORNECIMENTO). AF_11/2019 | E16: UN | F16: 1 | G16: 506.89 | H16: 144.4 | I16: =G16+H16 -> 651.29 | J16: =G16*F16 -> 506.89 | K16: =H16*F16 -> 144.4 | L16: =J16+K16 -> 651.29 | M16: =ROUND(L16*(1+$M$4),2) -> 832.83
A17: 1.3 | B17: ESTRUTURA N3 | C17: 02979/ORSE | D17: IMPLANTAÇÃO DE ESTRUTURA N3 | E17: un | F17: 1 | G17: 89.78 | H17: 0 | I17: =G17+H17 -> 89.78 | J17: =G17*F17 -> 89.78 | K17: =H17*F17 -> 0 | L17: =J17+K17 -> 89.78 | M17: =ROUND(L17*(1+$M$4),2) -> 114.81
B18: REDE DE DISTRIBUIÇÃO - POSTE DN3A-CF
A19: 1.4 | B19: POSTE DT 10/600 | C19: 41200-I | D19: POSTE DE CONCRETO ARMADO DE SECAO DUPLO T, EXTENSAO DE 10,00 M, RESISTENCIA DE 300 A 400 DAN, TIPO B OU D | E19: UN | F19: 1 | G19: 1355.01 | H19: 0 | I19: =G19+H19 -> 1355.01 | J19: =G19*F19 -> 1355.01 | K19: =H19*F19 -> 0 | L19: =J19+K19 -> 1355.01 | M19: =ROUND(L19*(1+$M$4),2) -> 1732.71
A20: 1.5 | B20: ASSENTAMENTO DE POSTE | C20: 100608 | D20: ASSENTAMENTO DE POSTE DE CONCRETO COM COMPRIMENTO NOMINAL DE 10,5 M, CARGA NOMINAL DE 600 DAN, ENGASTAMENTO BASE CONCRETADA COM 1 M DE CONCRETO E 0,65 M DE SOLO (NÃO INCLUI FORNECIMENTO). AF_11/2019 | E20: UN | F20: 1 | G20: 747.35 | H20: 311.59 | I20: =G20+H20 -> 1058.94 | J20: =G20*F20 -> 747.35 | K20: =H20*F20 -> 311.59 | L20: =J20+K20 -> 1058.94 | M20: =ROUND(L20*(1+$M$4),2) -> 1354.11
A21: 1.6 | B21: DN3A - INSTALAÇÃO CHAVE FUSIVEL | C21: 02858/ORSE | D21: FORNECIMENTO DE CHAVE FUSÍVEL 15KV - 100A, RUPTURA ASSIM. 10KA | E21: un | F21: 1 | G21: 390 | H21: 0 | I21: =G21+H21 -> 390 | J21: =G21*F21 -> 390 | K21: =H21*F21 -> 0 | L21: =J21+K21 -> 390 | M21: =ROUND(L21*(1+$M$4),2) -> 498.71
A22: 1.7 | B22: ESTRUTURA N3 | C22: 02979/ORSE | D22: IMPLANTAÇÃO DE ESTRUTURA N3 | E22: un | F22: 1 | G22: 89.78 | H22: 0 | I22: =G22+H22 -> 89.78 | J22: =G22*F22 -> 89.78 | K22: =H22*F22 -> 0 | L22: =J22+K22 -> 89.78 | M22: =ROUND(L22*(1+$M$4),2) -> 114.81
B23: CABO DE ALUMINIO | N23: =M23
A24: 1.8 | B24: CABO CA 4AWG | C24: COMP. 1 | D24: FORNECIMENTO E INSTALAÇÃO CABO DE ALUMINIO NU COM ALMA DE AÇO, BITOLA 4 AWG | E24: M | F24: 140 | G24: ='COMPOSIÇÃO'!H17 -> 2.852112 | H24: ='COMPOSIÇÃO'!I17 -> 0.6918 | I24: =G24+H24 -> 3.543912 | J24: =G24*F24 -> 399.29568 | K24: =H24*F24 -> 96.852 | L24: =J24+K24 -> 496.14768 | M24: =ROUND(L24*(1+$M$4),2) -> 634.45
B25: TRANSFORMADOR
A26: 1.9 | B26: TRANSFORMADOR DE DISTRIBUIÇÃO 225KVA TRIFÁSICO | C26: 102107 | D26: TRANSFORMADOR DE DISTRIBUIÇÃO, 225 KVA, TRIFÁSICO, 60 HZ, CLASSE 15 KV, IMERSO EM ÓLEO MINERAL, INSTALAÇÃO EM POSTE (NÃO INCLUSO SUPORTE) - FORNECIMENTO E INSTALAÇÃO. AF_12/2020 | E26: UN | F26: 1 | G26: 33105.12 | H26: 415.89 | I26: =G26+H26 -> 33521.01 | J26: =G26*F26 -> 33105.12 | K26: =H26*F26 -> 415.89 | L26: =J26+K26 -> 33521.01 | M26: =ROUND(L26*(1+$M$4),2) -> 42864.74
A27: 1.10 | B27: SUPORTE TRANSFORMADOR | C27: 00007576-I | D27: SUPORTE EM ACO GALVANIZADO PARA TRANSFORMADOR PARA POSTE DUPLO T 185 X 95 MM, CHAPA DE 5/16" | E27: UN | F27: 1 | G27: 108.94 | H27: 0 | I27: =G27+H27 -> 108.94 | J27: =G27*F27 -> 108.94 | K27: =H27*F27 -> 0 | L27: =J27+K27 -> 108.94 | M27: =ROUND(L27*(1+$M$4),2) -> 139.31
A28: 1.11 | B28: PARA-RAIOS POLIMÉRICO | C28: 12876/ORSE | D28: FORNECIMENTO E INSTALAÇÃO DE PARA RAIOS TIPO POLIMÉRICO 15KV - 12KA | E28: UN | F28: 1 | G28: 215.68 | H28: 16.96 | I28: =G28+H28 -> 232.64 | J28: =G28*F28 -> 215.68 | K28: =H28*F28 -> 16.96 | L28: =J28+K28 -> 232.64 | M28: =ROUND(L28*(1+$M$4),2) -> 297.49
A29: 1.12 | B29: HASTE - ATERRAMENTO | C29: 96985 | D29: HASTE DE ATERRAMENTO, DIÂMETRO 5/8", COM 3 METROS - FORNECIMENTO E INSTALAÇÃO. AF_08/2023 | E29: UN | F29: 1 | G29: 76.5 | H29: 10.1 | I29: =G29+H29 -> 86.6 | J29: =G29*F29 -> 76.5 | K29: =H29*F29 -> 10.1 | L29: =J29+K29 -> 86.6 | M29: =ROUND(L29*(1+$M$4),2) -> 110.74
A30: 1.13 | B30: CORDOALHA - ATERRAMENTO | C30: 96977 | D30: CORDOALHA DE COBRE NU 50 MM², ENTERRADA - FORNECIMENTO E INSTALAÇÃO. AF_08/2023 | E30: M | F30: 15 | G30: 54.42 | H30: 1.34 | I30: =G30+H30 -> 55.76 | J30: =G30*F30 -> 816.3 | K30: =H30*F30 -> 20.1 | L30: =J30+K30 -> 836.4 | M30: =ROUND(L30*(1+$M$4),2) -> 1069.54
A32: 2 | B32: ALIMENTAÇÃO ELÉTRICA DO BLOCO | J32: =SUM(J34:J61) -> 47837.34 | K32: =SUM(K34:K61) -> 2815.0226 | L32: =SUM(L34:L61) -> 50652.363 | M32: =SUM(M34:M61) -> 64771.32 | N32: =M32 -> 64771.32
B33: PADRÃO DE ENTRADA
A34: 2.1 | B34: BASE EM CONCRETO (SAPATA) | C34: 94971 | D34: CONCRETO FCK = 25MPA, TRAÇO 1:2,3:2,7 (EM MASSA SECA DE CIMENTO/ AREIA MÉDIA/ BRITA 1) - PREPARO MECÂNICO COM BETONEIRA 600 L. AF_05/2021 | E34: M3 | F34: 1.12 | G34: 397.68 | H34: 57.22 | I34: =G34+H34 -> 454.9 | J34: =G34*F34 -> 445.4016 | K34: =H34*F34 -> 64.0864 | L34: =J34+K34 -> 509.488 | M34: =ROUND(L34*(1+$M$4),2) -> 651.5
A35: 2.2 | B35: TRAVAMENTO EM CONCRETO ARMADO | C35: 103669 | D35: CONCRETAGEM DE PILARES, FCK = 25 MPA, COM USO DE BALDES - LANÇAMENTO, ADENSAMENTO E ACABAMENTO. AF_02/2022 | E35: M3 | F35: 0.24 | G35: 663.11 | H35: 228.86 | I35: =G35+H35 -> 891.97 | J35: =G35*F35 -> 159.1464 | K35: =H35*F35 -> 54.9264 | L35: =J35+K35 -> 214.0728 | M35: =ROUND(L35*(1+$M$4),2) -> 273.74
A36: 2.3 | B36: TRAVAMENTO EM CONCRETO ARMADO ARMADURA | C36: 104108 | D36: ARMAÇÃO DE PILAR OU VIGA DE ESTRUTURA DE CONCRETO ARMADO EMBUTIDA EM ALVENARIA DE VEDAÇÃO UTILIZANDO AÇO CA-50 DE 10,0 MM - MONTAGEM. AF_06/2022 | E36: KG | F36: 9.92 | G36: 9.87 | H36: 2.62 | I36: =G36+H36 -> 12.49 | J36: =G36*F36 -> 97.9104 | K36: =H36*F36 -> 25.9904 | L36: =J36+K36 -> 123.9008 | M36: =ROUND(L36*(1+$M$4),2) -> 158.44
A37: 2.4 | B37: TRAVAMENTO EM CONCRETO ARMADO ESTRIBOS | C37: 104110 | D37: ARMAÇÃO DE PILAR OU VIGA DE ESTRUTURA DE CONCRETO ARMADO EMBUTIDA EM ALVENARIA DE VEDAÇÃO UTILIZANDO AÇO CA-50 DE 6,3 MM - MONTAGEM. AF_06/2022 | E37: KG | F37: 2.62 | G37: 11.62 | H37: 6.55 | I37: =G37+H37 -> 18.17 | J37: =G37*F37 -> 30.4444 | K37: =H37*F37 -> 17.161 | L37: =J37+K37 -> 47.6054 | M37: =ROUND(L37*(1+$M$4),2) -> 60.88
A38: 2.5 | B38: TRAVAMENTO EM CONCRETO ARMADO | C38: 92269 | D38: FABRICAÇÃO DE FÔRMA PARA PILARES E ESTRUTURAS SIMILARES, EM MADEIRA SERRADA, E=25 MM. AF_09/2020 | E38: M2 | F38: 4 | G38: 96.03 | H38: 21.57 | I38: =G38+H38 -> 117.6 | J38: =G38*F38 -> 384.12 | K38: =H38*F38 -> 86.28 | L38: =J38+K38 -> 470.4 | M38: =ROUND(L38*(1+$M$4),2) -> 601.52
A39: 2.6 | B39: ALVENARIA DE 1.1/2 VEZ - 30 CM | C39: 103334 | D39: ALVENARIA DE VEDAÇÃO DE BLOCOS CERÂMICOS FURADOS NA HORIZONTAL DE 14X9X19 CM (ESPESSURA 14 CM, BLOCO DEITADO) E ARGAMASSA DE ASSENTAMENTO COM PREPARO EM BETONEIRA. AF_12/2021 | E39: M2 | F39: 5.746 | G39: 81.78 | H39: 72.81 | I39: =G39+H39 -> 154.59 | J39: =G39*F39 -> 469.90788 | K39: =H39*F39 -> 418.36626 | L39: =J39+K39 -> 888.27414 | M39: =ROUND(L39*(1+$M$4),2) -> 1135.87
A40: 2.7 | B40: CHAPISCO | C40: 87878 | D40: CHAPISCO APLICADO EM ALVENARIAS E ESTRUTURAS DE CONCRETO INTERNAS, COM COLHER DE PEDREIRO. ARGAMASSA TRAÇO 1:3 COM PREPARO MANUAL. AF_10/2022 | E40: M2 | F40: 16.09 | G40: 2.55 | H40: 2.62 | I40: =G40+H40 -> 5.17 | J40: =G40*F40 -> 41.0295 | K40: =H40*F40 -> 42.1558 | L40: =J40+K40 -> 83.1853 | M40: =ROUND(L40*(1+$M$4),2) -> 106.37
A41: 2.8 | B41: REBOCO | C41: 87530 | D41: MASSA ÚNICA, EM ARGAMASSA TRAÇO 1:2:8, PREPARO MANUAL, APLICADA MANUALMENTE EM PAREDES INTERNAS DE AMBIENTES COM ÁREA ENTRE 5M² E 10M², E = 17,5MM, COM TALISCAS. AF_03/2024 | E41: M2 | F41: 17.88 | G41: 21 | H41: 19.91 | I41: =G41+H41 -> 40.91 | J41: =G41*F41 -> 375.48 | K41: =H41*F41 -> 355.9908 | L41: =J41+K41 -> 731.4708 | M41: =ROUND(L41*(1+$M$4),2) -> 935.36
A42: 2.9 | B42: PINTURA | C42: 95626 | D42: APLICAÇÃO MANUAL DE TINTA LÁTEX ACRÍLICA EM PAREDE EXTERNAS DE CASAS, DUAS DEMÃOS. AF_03/2024 | E42: M2 | F42: 17.88 | G42: 8.85 | H42: 7.2 | I42: =G42+H42 -> 16.05 | J42: =G42*F42 -> 158.238 | K42: =H42*F42 -> 128.736 | L42: =J42+K42 -> 286.974 | M42: =ROUND(L42*(1+$M$4),2) -> 366.97
A43: 2.10 | B43: COBERTURA PROTEÇÃO | C43: 101964 | D43: LAJE PRÉ-MOLDADA UNIDIRECIONAL, BIAPOIADA, PARA FORRO, ENCHIMENTO EM CERÂMICA, VIGOTA CONVENCIONAL, ALTURA TOTAL DA LAJE (ENCHIMENTO+CAPA) = (8+3). AF_11/2020_PA | E43: M2 | F43: 2.3 | G43: 141.31 | H43: 27.04 | I43: =G43+H43 -> 168.35 | J43: =G43*F43 -> 325.013 | K43: =H43*F43 -> 62.192 | L43: =J43+K43 -> 387.205 | M43: =ROUND(L43*(1+$M$4),2) -> 495.14
A44: 2.11 | B44: IMPERM. | C44: 98555 | D44: IMPERMEABILIZAÇÃO DE SUPERFÍCIE COM ARGAMASSA POLIMÉRICA / MEMBRANA ACRÍLICA, 3 DEMÃOS. AF_09/2023 | E44: M2 | F44: 2.3 | G44: 20.33 | H44: 15.97 | I44: =G44+H44 -> 36.3 | J44: =G44*F44 -> 46.759 | K44: =H44*F44 -> 36.731 | L44: =J44+K44 -> 83.49 | M44: =ROUND(L44*(1+$M$4),2) -> 106.76
A45: 2.12 | B45: CALÇADA ENTORNO (340X100X6 CM) | C45: 94990 | D45: EXECUÇÃO DE PASSEIO (CALÇADA) OU PISO DE CONCRETO COM CONCRETO MOLDADO IN LOCO, FEITO EM OBRA, ACABAMENTO CONVENCIONAL, NÃO ARMADO. AF_08/2022 | E45: M³ | F45: =3.4*0.06 -> 0.204 | G45: 207.5 | H45: =I45-G45 -> 538.12 | I45: 745.62 | J45: =G45*F45 -> 42.33 | K45: =H45*F45 -> 109.77648 | L45: =J45+K45 -> 152.10648 | M45: =ROUND(L45*(1+$M$4),2) -> 194.51
B46: INSTALAÇÃO ELÉTRICA PREDIAL | N46: =M46
A47: 2.13 | B47: QUEBRA ALVENARIA | C47: 90458 | D47: QUEBRA EM ALVENARIA PARA INSTALAÇÃO DE QUADRO DISTRIBUIÇÃO GRANDE (76X40 CM). AF_09/2023 | E47: UN | F47: 3 | G47: 10.91 | H47: 28.38 | I47: 39.29 | J47: =G47*F47 -> 32.73 | K47: =H47*F47 -> 85.14 | L47: =J47+K47 -> 117.87 | M47: =ROUND(L47*(1+$M$4),2) -> 150.73
A48: 2.14 | B48: QUADRO A, B E C - FORNECIMENTO E INSTALAÇÃO | C48: 09725/ORSE | D48: QFAC II - QUADRO/ PAINEL EM CHAPA DE AÇO COM PINTURA ELETROSTÁTICA A PÓ POLIESTER NA COR BEGE, GRAU DE PROTEÇÃO IP 54, COM BARRAMENTO, SEM DISJUNTORES - 1000X800X220MM | E48: UN | F48: 3 | G48: 2429.34 | H48: 101.23 | I48: 2530.57 | J48: =G48*F48 -> 7288.02 | K48: =H48*F48 -> 303.69 | L48: =J48+K48 -> 7591.71 | M48: =ROUND(L48*(1+$M$4),2) -> 9707.84
A49: 2.15 | B49: PVC 85 MM + ACESSÓRIOS (LUVAS, COTOVELOS, ETC...) | C49: 93011 | D49: ELETRODUTO RÍGIDO ROSCÁVEL, PVC, DN 85 MM (3"), PARA REDE ENTERRADA DE DISTRIBUIÇÃO DE ENERGIA ELÉTRICA - FORNECIMENTO E INSTALAÇÃO. AF_12/2021 | E49: M | F49: 36 | G49: 46.34 | H49: 6.95 | I49: 53.29 | J49: =G49*F49 -> 1668.24 | K49: =H49*F49 -> 250.2 | L49: =J49+K49 -> 1918.44 | M49: =ROUND(L49*(1+$M$4),2) -> 2453.19
A50: 2.16 | B50: CAIXA ENTERRADA (3 PASSAGEM E 1 ATERRAMENTO) | C50: 97883 | D50: CAIXA ENTERRADA ELÉTRICA RETANGULAR, EM CONCRETO PRÉ-MOLDADO, FUNDO COM BRITA, DIMENSÕES INTERNAS: 0,6X0,6X0,5 M. AF_12/2020 | E50: UN | F50: 4 | G50: 378.67 | H50: 52.68 | I50: 431.35 | J50: =G50*F50 -> 1514.68 | K50: =H50*F50 -> 210.72 | L50: =J50+K50 -> 1725.4 | M50: =ROUND(L50*(1+$M$4),2) -> 2206.34
A51: 2.17 | B51: DISJ. QUADRO A E C | C51: 101896 ADAP | D51: [ADAPTADO PARA 150 A] DISJUNTOR TERMOMAGNÉTICO TRIPOLAR , CORRENTE NOMINAL DE 150A - FORNECIMENTO E INSTALAÇÃO. AF_10/2020 | E51: UN | F51: 2 | G51: 605.47 | H51: 53.86 | I51: =G51+H51 -> 659.33 | J51: =G51*F51 -> 1210.94 | K51: =H51*F51 -> 107.72 | L51: =J51+K51 -> 1318.66 | M51: =ROUND(L51*(1+$M$4),2) -> 1686.23
A52: 2.18 | B52: DISJ. QUADRO B - GERAL | C52: 101899 | D52: DISJUNTOR TERMOMAGNÉTICO TRIPOLAR , CORRENTE NOMINAL DE 600A - FORNECIMENTO E INSTALAÇÃO. AF_10/2020 | E52: UN | F52: 1 | G52: 2177.41 | H52: 53.86 | I52: 2231.27 | J52: =G52*F52 -> 2177.41 | K52: =H52*F52 -> 53.86 | L52: =J52+K52 -> 2231.27 | M52: =ROUND(L52*(1+$M$4),2) -> 2853.22
A53: 2.19 | B53: CABO 95 MM² (DESCIDA DO POSTE ATÉ QUADRO 3X3F+N) | C53: 101567 | D53: CABO DE COBRE FLEXÍVEL ISOLADO, 95 MM², 0,6/1,0 KV, PARA REDE AÉREA DE DISTRIBUIÇÃO DE ENERGIA ELÉTRICA DE BAIXA TENSÃO - FORNECIMENTO E INSTALAÇÃO. AF_07/2020 | E53: M | F53: 84 | G53: 92.2 | H53: 0.07 | I53: 92.27 | J53: =G53*F53 -> 7744.8 | K53: =H53*F53 -> 5.88 | L53: =J53+K53 -> 7750.68 | M53: =ROUND(L53*(1+$M$4),2) -> 9911.12
A54: 2.20 | B54: CABO 70 MM² (3F+N ENTRADA ATÉ O BLOCO) | C54: 101565 | D54: CABO DE COBRE FLEXÍVEL ISOLADO, 70 MM², 0,6/1,0 KV, PARA REDE AÉREA DE DISTRIBUIÇÃO DE ENERGIA ELÉTRICA DE BAIXA TENSÃO - FORNECIMENTO E INSTALAÇÃO. AF_07/2020 | E54: M | F54: =ROUND(206*1.1,0) -> 227 | G54: 71.02 | H54: 0.06 | I54: 71.08 | J54: =G54*F54 -> 16121.54 | K54: =H54*F54 -> 13.62 | L54: =J54+K54 -> 16135.16 | M54: =ROUND(L54*(1+$M$4),2) -> 20632.72
A55: 2.21 | B55: ELETRODUTO ø2" (ENTRADA AO BLOCO) | C55: 97668 | D55: ELETRODUTO FLEXÍVEL CORRUGADO, PEAD, DN 63 (2"), PARA REDE ENTERRADA DE DISTRIBUIÇÃO DE ENERGIA ELÉTRICA - FORNECIMENTO E INSTALAÇÃO. AF_12/2021 | E55: M | F55: =ROUND(15.4*1.1,0) -> 17 | G55: 10.31 | H55: 3.83 | I55: 14.14 | J55: =G55*F55 -> 175.27 | K55: =H55*F55 -> 65.11 | L55: =J55+K55 -> 240.38 | M55: =ROUND(L55*(1+$M$4),2) -> 307.38
A56: 2.22 | B56: ESCAVAÇÃO VALA (PASSAGEM ELETRODUTO) | C56: 90100 | D56: ESCAVAÇÃO MECANIZADA DE VALA COM PROF. ATÉ 1,5 M (MÉDIA MONTANTE E JUSANTE/UMA COMPOSIÇÃO POR TRECHO), RETROESCAV. (0,26 M3), LARG. DE 0,8 M A 1,5 M, EM SOLO DE 1A CATEGORIA, EM LOCAIS COM ALTO NÍVEL DE INTERFERÊNCIA. AF_02/2021 | E56: M3 | F56: 3.41 | G56: 10.21 | H56: 4.31 | I56: 14.52 | J56: =G56*F56 -> 34.8161 | K56: =H56*F56 -> 14.6971 | L56: =J56+K56 -> 49.5132 | M56: =ROUND(L56*(1+$M$4),2) -> 63.31
A57: 2.23 | B57: REATERRO VALA | C57: 104737 | D57: REATERRO MANUAL DE VALAS, COM PLACA VIBRATÓRIA. AF_08/2023 | E57: M3 | F57: 3.41 | G57: 9.79 | H57: 14.3 | I57: 24.09 | J57: =G57*F57 -> 33.3839 | K57: =H57*F57 -> 48.763 | L57: =J57+K57 -> 82.1469 | M57: =ROUND(L57*(1+$M$4),2) -> 105.04
A58: 2.24 | B58: CABO COBRE NU 120 MM² (ATERRAMENTO) | C58: 101568 | D58: CABO DE COBRE FLEXÍVEL ISOLADO, 120 MM², 0,6/1,0 KV, PARA REDE AÉREA DE DISTRIBUIÇÃO DE ENERGIA ELÉTRICA DE BAIXA TENSÃO - FORNECIMENTO E INSTALAÇÃO. AF_07/2020 | E58: M | F58: 6 | G58: 120.56 | H58: 0.07 | I58: 120.63 | J58: =G58*F58 -> 723.36 | K58: =H58*F58 -> 0.42 | L58: =J58+K58 -> 723.78 | M58: =ROUND(L58*(1+$M$4),2) -> 925.53
A59: 2.25 | B59: ELETRODUTO PVC RIGIDO ø40 MM (ATERRAMENTO) | C59: 91865 | D59: ELETRODUTO RÍGIDO ROSCÁVEL, PVC, DN 40 MM (1 1/4"), PARA CIRCUITOS TERMINAIS, INSTALADO EM FORRO - FORNECIMENTO E INSTALAÇÃO. AF_03/2023 | E59: M | F59: 6 | G59: 14.94 | H59: 6.6 | I59: 21.54 | J59: =G59*F59 -> 89.64 | K59: =H59*F59 -> 39.6 | L59: =J59+K59 -> 129.24 | M59: =ROUND(L59*(1+$M$4),2) -> 165.26
A60: 2.26 | B60: ELETROCALHA (INICIO QUADRO ATÉ O BLOCO) | C60: 12553/ORSE | D60: FORNECIMENTO E INSTALAÇÃO DE ELETROCALHA LISA, ZINCADA, 200 X 75 X 3000 MM (REF. MOPA OU SIMILAR) | E60: UN | F60: =30*1.1 -> 33 | G60: 193.09 | H60: 4.65 | I60: 197.74 | J60: =G60*F60 -> 6371.97 | K60: =H60*F60 -> 153.45 | L60: =J60+K60 -> 6525.42 | M60: =ROUND(L60*(1+$M$4),2) -> 8344.33
A61: 2.27 | B61: ELETRODUTO PVC RIGIDO ø50 MM (ENTRADA BLOCO ATÉ A ELETROCALHA) | C61: 00356/ORSE | D61: ELETRODUTO DE PVC RÍGIDO ROSCÁVEL, DIÂM= 50MM (1 1/2") | E61: M | F61: 6 | G61: 12.46 | H61: =I61-G61 -> 9.96 | I61: 22.42 | J61: =G61*F61 -> 74.76 | K61: =H61*F61 -> 59.76 | L61: =J61+K61 -> 134.52 | M61: =ROUND(L61*(1+$M$4),2) -> 172.02

Sheet COMPOSIÇÃO
D3: UNIVERSIDADE ESTADUAL DO NORTE DO PARANÁ
D4: CNPJ: 08.885.100/0001-54
D5: SERVIÇO: INSTALAÇÃO DE TRANSFORMADOR NO BLOCO I - CCP
D6: Local: Campus Cornelio Procopio - CCP
D7: Data do orçamento: 24/06/2024
D8: SINAPI_Custo_Ref_Composicoes_Analitico_PR_202405_Desonerado
D9: RESP. TÉCNICO ORÇAMENTO: FELIPE SCALA FRANCICA ENG. CIVIL CREA SP 5069900657
A11: COMPOSIÇÕES UENP - BASE SINAPI
A13: COMP.01 | B13: FORNECIMENTO E INSTALAÇÃO CABO DE ALUMINIO NU COM ALMA DE AÇO, BITOLA 4 AWG | C13: un
A14: CÓDIGO | B14: ITEM | C14: UN | D14: QNT. | E14: MAT. + EQUIP. | F14: MÃO DE OBRA | G14: VALOR UNITÁRIO | H14: MAT. + EQUIP. | I14: MÃO DE OBRA | J14: VALOR TOTAL
A15: 00841-I | B15: CABO DE ALUMINIO NU COM ALMA DE AÇO, BITOLA 4 AWG | C15: KG | D15: 0.0582 | E15: 44.66 | F15: 0 | G15: 44.66 | H15: =E15*D15 -> 2.599212 | I15: =F15*D15 -> 0 | J15: =G15*D15 -> 2.599212
A16: 88264 | B16: ELETRICISTA COM ENCARGOS COMPLEMENTARES | C16: UN | D16: 0.03 | E16: 8.43 | F16: 23.06 | G16: 31.49 | H16: =E16*D16 -> 0.2529 | I16: =F16*D16 -> 0.6918 | J16: =G16*D16 -> 0.9447
D17: Total | H17: =SUM(H15:H16) -> 2.852112 | I17: =SUM(I15:I16) -> 0.6918 | J17: =SUM(J15:J16) -> 3.543912

Sheet CRONOGRAMA
C3: UNIVERSIDADE ESTADUAL DO NORTE DO PARANÁ
C4: CNPJ: 08.885.100/0001-54
C5: SERVIÇO: INSTALAÇÃO DE TRANSFORMADOR NO BLOCO I - CCP
C6: Local: Campus Cornelio Procopio - CCP
C7: Data do orçamento: 24/06/2024
C8: SINAPI_Custo_Ref_Composicoes_Analitico_PR_202405_Desonerado
C9: RESP. TÉCNICO ORÇAMENTO: FELIPE SCALA FRANCICA ENG. CIVIL CREA SP 5069900657
A11: CRONOGRAMA FÍSICO- FINANCEIRO
B12: SERVIÇO/LOCAL | E12: 30 DIAS | G12: 60 DIAS
C13: Valores | D13: % | E13: % | F13: R$ | G13: % | H13: R$
A14: 1 | B14: =VLOOKUP(A14,'ORÇAMENTO'!A13:M23,2,0) -> REDE DE DISTRIBUIÇÃO AÉREA | C14: =VLOOKUP(A14,'ORÇAMENTO'!$A$2:$M$851,13,FALSE()) -> 51445.73 | D14: =C14/$C$16 -> 0.44266938 | E14: 1 | F14: =E14*C14 -> 51445.73 | G14: 0 | H14: =G14*C14 -> 0
A15: 2 | B15: =VLOOKUP(A15,'ORÇAMENTO'!$A$2:$M$837,2,FALSE()) -> ALIMENTAÇÃO ELÉTRICA DO BLOCO | C15: =VLOOKUP(A15,'ORÇAMENTO'!$A$2:$M$851,13,FALSE()) -> 64771.32 | D15: =C15/$C$16 -> 0.55733062 | E15: 0 | F15: =E15*C15 -> 0 | G15: 1 | H15: =G15*C15 -> 64771.32
B16: TOTAL | C16: =SUM(C14:C15) -> 116217.05 | D16: =C16/$C$16 -> 1
D18: R$ parcial (valor período) | E18: =SUM(F14:F15) -> 51445.73 | G18: =SUM(H14:H15) -> 64771.32
D19: %_parcial (período) | E19: =SUM(E18/$C$16) -> 0.44266938 | G19: =SUM(G18/$C$16) -> 0.55733062
D20: R$_ acumulado | E20: =E18 -> 51445.73 | G20: =G18+E20 -> 116217.05
D21: %_acumulado | E21: =E19 -> 0.44266938 | G21: =G19+E21 -> 1

Sheet BDI
D3: UNIVERSIDADE ESTADUAL DO NORTE DO PARANÁ
D4: CNPJ: 08.885.100/0001-54
D5: SERVIÇO: INSTALAÇÃO DE TRANSFORMADOR NO BLOCO I - CCP
D6: Local: Campus Cornelio Procopio - CCP
D7: Data do orçamento: 24/06/2024
D8: SINAPI_Custo_Ref_Composicoes_Analitico_PR_202405_Desonerado
D9: RESP. TÉCNICO: FELIPE SCALA FRANCICA ENG. CIVIL CREA SP 5069900657
A11: COMPOSIÇÃO DO BDI
A12: CUSTO TOTAL DO SERVIÇO (R$)
A13: ITEM | B13: DISCRIMINAÇÃO | E13: VALOR | F13: TAXA (%) | G13: OBSERVAÇÃO | H13: SITUAÇÃO DO INTERVALO ADMISSÍVEL | I13: PARCELAS DO BDI (%)
I14: 1 QUARTIL | J14: MÉDIO | K14: 3 QUARTIL
A15: 1 | B15: AC – ADMINISTRAÇÃO CENTRAL | F15: 0.03 | H15: OK | I15: 0.03 | J15: 0.04 | K15: 0.055
A16: 2 | B16: SG – SEGUROS + GARANTIA | F16: 0.008 | H16: OK | I16: 0.008 | J16: 0.008 | K16: 0.01
A17: 3 | B17: R – RISCOS | F17: 0.0127 | H17: OK | I17: 0.0097 | J17: 0.0127 | K17: 0.0127
A18: 4 | B18: DF – DESPESAS FINANCEIRAS | F18: 0.0123 | H18: OK | I18: 0.0059 | J18: 0.0123 | K18: 0.0139
A19: 5 | B19: L – LUCRO BRUTO | F19: 0.0682 | H19: OK | I19: 0.0616 | J19: 0.074 | K19: 0.0896
A20: 6 | B20: I – IMPOSTOS | F20: =SUM(F21:F24) -> 0.1115 | G20: FÓRMULA DO BDI DE ACORDO COM ACÓRDÃO 2.369/2011-TCU- PLENÁRIO
A21: 43836 | B21: PIS | F21: 0.0065
A22: 43867 | B22: COFINS | F22: 0.03
A23: 43896 | B23: ISS (CONFORME LEGISLAÇÃO MUNICIPAL) | F23: 0.03
A24: 43927 | B24: CONTRIB. PREVIDÊNCIA SOBRE RECEITA BRUTA – CPRB | F24: 0.045
A26: TOTAL DO BDI (R$)
A27: PREÇO DE VENDA (R$) | G27: ONDE:
A28: BDI (%) | F28: =(((1+(F15+F16+F17))*(1+F18)*(1+F19))/(1-F20))-1 -> 0.27874253 | G28: AC : TAXA DE ADMINISTRAÇÃO CENTRAL
A29: Parâmetros do Acórdão 2.622/2013 - Plenário | G29: S: TAXA DE SEGURO
A30: Sem CPRB | B30: 0.2034 | C30: 0.2212 | D30: 0.25 | G30: G: TAXA DE GARANTIAS
A31: Com CPRB | B31: 0.2601 | C31: 0.2787 | D31: 0.3089 | G31: R: TAXA DE RISCOS
G32: DF: TAXA DE DESPESAS
G33: L: TAXA DE LUCRO
G34: I: TAXA DE INCIDÊNCIA DE IMPOSTOS (PIS, COFINS, ISS, CPRB)
